Map: Ruby Rock LE

Players

Klazy - Winner!

  • Race: Terran Terran
  • League: Diamond
  • Spawn Location: 5:00

HoldTheDoor

  • Race: Protoss Protoss
  • League: Diamond
  • Spawn Location: 11:00

VOD

Have the link to the VOD?

Description

Time

  • Played on: May 22, 2026, 11:54 a.m.
  • Length: 2:29
Show
View Real Time Build Order
Export as new Build Order

Klazy Terran - Winner!

Build Orders:  

Get SALT Encoding   

  12  0:00  SCV  
  13  0:12  SCV  
  14  0:17  Supply Depot  
  14  0:24  SCV  
  15  0:38  SCV  
  15  0:39  Barracks  
  16  0:43  Refinery  
  16  0:50  SCV  
  17  1:02  SCV  
  18  1:14  SCV  
  19  1:19  Supply Depot  
  19  1:27  SCV, Reaper  
  19  1:31  Engineering Bay  
  21  1:39  SCV  
  23  2:06  Command Center  
  22  2:15  Factory  
  22  2:19  Barracks Tech Lab  
Show
View Real Time Build Order
Export as new Build Order

HoldTheDoor Protoss 

Build Orders:  

Get SALT Encoding   

  12  0:00  Probe  
  13  0:12  Probe  
  14  0:20  Pylon  
  14  0:24  Probe  
  15  0:34  Probe  
  15  0:41  Gateway  
  15  0:42  Probe  
  17  0:51  Assimilator  
  17  0:52  Probe  
  18  1:05  Probe  
  18  1:09  Pylon  
  19  1:17  Probe  
  20  1:31  Cybernetics Core  
  20  1:43  Assimilator  
  20  1:46  Gateway  
  20  1:48  Probe  
  21  2:01  Probe  
  22  2:13  Pylon  
  22  2:22  Pylon  
Tags
 
Matchup
PvT
Replay Pack
SC2Mai2026
Spawn Locations
Cross Positions
Add a new tag
Caveats
  • Supply blocks, unpowered buildings, or Contaminate may cause inaccurate times.
  • Supply counts are checked every 10 seconds.